[ AOE2 MATCH · #504740463 ]
UnrankedFranks vs Slavs
Player's team · WIN
Rival team · LOSS
[ REPLAY ANALYSIS · EXTRACTED FROM THE RECORDED GAME ]
Feudal
13:07
Castle
18:22
Imperial
31:19
| APM avg | 53.5 |
| APM peak | 100 |
| eAPM avg | 30.7 |
| Villagers / military | 170 / 195 |
Focus
⚔️ 34.3% · 🌾 65.7%
Knight ×112 · Spearman ×68 · Fishing Ship ×13 · Trebuchet (Packed) ×6 · Mangonel ×5 · Throwing Axeman ×3
Feudal
14:32
Castle
25:30
Imperial
33:59
| APM avg | 37.9 |
| APM peak | 67 |
| eAPM avg | 26.2 |
| Villagers / military | 170 / 71 |
Focus
⚔️ 32.6% · 🌾 67.4%
Fishing Ship ×38 · Boyar ×37 · Spearman ×30 · Trebuchet (Packed) ×3 · Monk ×1
Match map
Initial resources + every placement click. Lines = walls · curves = elevation contours. ◆ gold · ⬟ stone · ● berries · ✦ relic · ◌ wall gap
Your base· ✓ Closed at 18:22 · 36t walls · no gate
MatzeAoE's base· ✓ Closed at 25:30 · 51t walls · 1 gate(s)
Smoothed initial terrain · ◌ = detected wall gap · hover for details
Inputs per minute
— Ceeelebrate - - MatzeAoE
Build order — Ceeelebrate
First 150 of 568 actions detected
| 0:00 | Create | Villager (Male) |
| 0:00 | Create | Villager (Male) |
| 0:01 | Build | House |
| 0:02 | Build | House |
| 0:16 | Create | Villager (Male) |
| 0:16 | Create | Villager (Male) |
| 0:16 | Create | Villager (Male) |
| 0:22 | Build | Palisade Wall |
| 0:27 | Research | Loom |
| 0:28 | Create | Villager (Male) |
| 0:28 | Create | Villager (Male) |
| 0:28 | Create | Villager (Male) |
| 2:17 | Build | House |
| 2:24 | Create | Villager (Male) |
| 2:54 | Create | Villager (Male) |
| 3:01 | Build | Palisade Wall |
| 3:06 | Build | Lumber Camp |
| 3:46 | Create | Villager (Male) |
| 3:46 | Create | Villager (Male) |
| 4:13 | Create | Villager (Male) |
| 4:13 | Create | Villager (Male) |
| 4:40 | Create | Villager (Male) |
| 4:41 | Create | Villager (Male) |
| 5:07 | Create | Villager (Male) |
| 5:07 | Create | Villager (Male) |
| 5:08 | Build | House |
| 5:24 | Create | Villager (Male) |
| 5:44 | Create | Villager (Male) |
| 5:44 | Create | Villager (Male) |
| 6:00 | Build | House |
| 6:08 | Create | Villager (Male) |
| 6:08 | Create | Villager (Male) |
| 6:29 | Create | Villager (Male) |
| 6:31 | Build | House |
| 7:01 | Build | House |
| 7:10 | Create | Villager (Male) |
| 7:10 | Create | Villager (Male) |
| 7:49 | Create | Villager (Male) |
| 7:57 | Create | Villager (Male) |
| 8:19 | Build | Dock |
| 8:31 | Create | Villager (Male) |
| 9:14 | Build | Palisade Wall |
| 9:18 | Create | Villager (Male) |
| 9:19 | Create | Fishing Ship |
| 9:21 | Build | House |
| 9:35 | Create | Fishing Ship |
| 9:37 | Create | Villager (Male) |
| 9:55 | Create | Villager (Male) |
| 10:08 | Build | House |
| 10:38 | Research | Feudal Age |
| 10:50 | Build | Lumber Camp |
| 12:01 | Build | Mill |
| 12:03 | Build | Mining Camp |
| 12:39 | Create | Villager (Male) |
| 12:39 | Create | Villager (Male) |
| 12:43 | Create | Fishing Ship |
| 13:07 | Age | Feudal Age |
| 13:11 | Build | Watch Tower |
| 13:17 | Build | Market |
| 13:20 | Build | Blacksmith |
| 13:38 | Create | Villager (Male) |
| 14:01 | Create | Villager (Male) |
| 14:39 | Build | Mining Camp |
| 14:48 | Create | Villager (Male) |
| 15:17 | Create | Villager (Male) |
| 15:42 | Research | Castle Age |
| 15:42 | Research | Castle Age |
| 16:25 | Build | Stone Wall |
| 16:46 | Build | Stone Wall |
| 17:11 | Create | Villager (Male) |
| 17:17 | Build | House |
| 17:19 | Build | House |
| 17:37 | Research | Double-Bit Axe |
| 17:39 | Create | Fishing Ship |
| 17:42 | Build | Fish Trap |
| 17:47 | Build | Fish Trap |
| 17:51 | Build | Fish Trap |
| 18:06 | Create | Fishing Ship |
| 18:14 | Create | Villager (Male) |
| 18:22 | Age | Castle Age |
| 18:24 | Build | Siege Workshop |
| 18:39 | Create | Villager (Male) |
| 18:48 | Build | Town Center |
| 18:52 | Create | Villager (Male) |
| 19:05 | Create | Mangonel |
| 19:07 | Create | Villager (Male) |
| 19:29 | Create | Villager (Male) |
| 19:33 | Create | Villager (Male) |
| 19:45 | Create | Mangonel |
| 19:47 | Create | Villager (Male) |
| 19:49 | Create | Villager (Male) |
| 19:50 | Create | Villager (Male) |
| 20:07 | Build | Stone Wall |
| 20:10 | Create | Villager (Male) |
| 20:13 | Create | Villager (Male) |
| 20:21 | Create | Villager (Male) |
| 20:24 | Build | Town Center |
| 20:26 | Create | Villager (Male) |
| 20:49 | Create | Villager (Male) |
| 20:59 | Build | Town Center |
| 21:00 | Create | Villager (Male) |
| 21:08 | Build | Farm |
| 21:12 | Create | Villager (Male) |
| 21:13 | Create | Villager (Male) |
| 21:13 | Create | Villager (Male) |
| 21:15 | Build | Farm |
| 21:20 | Create | Villager (Male) |
| 21:21 | Build | Farm |
| 21:36 | Create | Villager (Male) |
| 21:36 | Create | Villager (Male) |
| 21:46 | Create | Villager (Male) |
| 21:46 | Create | Villager (Male) |
| 22:01 | Build | Stone Wall |
| 22:03 | Create | Villager (Male) |
| 22:03 | Create | Villager (Male) |
| 22:04 | Create | Villager (Male) |
| 22:05 | Build | Farm |
| 22:06 | Build | Farm |
| 22:06 | Build | Farm |
| 22:06 | Build | Farm |
| 22:06 | Build | Farm |
| 22:07 | Build | Farm |
| 22:12 | Build | Farm |
| 22:15 | Build | Farm |
| 22:17 | Create | Villager (Male) |
| 22:24 | Build | Farm |
| 22:31 | Build | Farm |
| 22:36 | Build | House |
| 22:41 | Research | Wheelbarrow |
| 22:44 | Build | Fish Trap |
| 22:50 | Build | Fish Trap |
| 22:51 | Create | Villager (Male) |
| 22:54 | Build | House |
| 22:55 | Build | House |
| 22:58 | Research | Town Watch |
| 23:02 | Build | House |
| 23:04 | Build | House |
| 23:04 | Build | House |
| 23:06 | Build | House |
| 23:10 | Create | Villager (Male) |
| 23:10 | Create | Villager (Male) |
| 23:13 | Create | Fishing Ship |
| 23:18 | Build | Farm |
| 23:18 | Create | Villager (Male) |
| 23:18 | Create | Villager (Male) |
| 23:26 | Build | Farm |
| 23:29 | Build | Farm |
| 23:29 | Create | Villager (Male) |
| 23:38 | Create | Villager (Male) |
| 23:40 | Build | Farm |
Build order — MatzeAoE
First 150 of 521 actions detected
| 0:00 | Create | Villager (Male) |
| 0:01 | Create | Villager (Male) |
| 0:02 | Build | House |
| 0:03 | Build | House |
| 0:07 | Create | Villager (Male) |
| 0:08 | Create | Villager (Male) |
| 0:59 | Build | Palisade Wall |
| 1:01 | Build | Palisade Wall |
| 1:03 | Build | Palisade Wall |
| 1:04 | Build | Palisade Wall |
| 1:07 | Build | Palisade Wall |
| 1:10 | Build | Palisade Wall |
| 1:12 | Build | Palisade Wall |
| 1:13 | Build | Palisade Wall |
| 1:33 | Create | Villager (Male) |
| 2:11 | Create | Villager (Male) |
| 2:21 | Build | Palisade Wall |
| 2:25 | Build | Palisade Wall |
| 2:26 | Build | Palisade Wall |
| 2:27 | Build | Palisade Wall |
| 2:35 | Research | Loom |
| 2:38 | Create | Villager (Male) |
| 3:12 | Create | Villager (Male) |
| 3:13 | Create | Villager (Male) |
| 3:18 | Build | House |
| 3:25 | Build | Palisade Wall |
| 3:26 | Build | Palisade Wall |
| 3:27 | Build | Palisade Wall |
| 3:35 | Create | Villager (Male) |
| 3:48 | Create | Villager (Male) |
| 4:08 | Build | House |
| 4:20 | Create | Villager (Male) |
| 4:25 | Create | Villager (Male) |
| 4:41 | Create | Villager (Male) |
| 5:21 | Create | Villager (Male) |
| 5:21 | Create | Villager (Male) |
| 6:06 | Create | Villager (Male) |
| 6:11 | Create | Villager (Male) |
| 6:14 | Build | Palisade Wall |
| 6:15 | Build | Palisade Wall |
| 6:15 | Build | Palisade Wall |
| 6:16 | Build | Palisade Wall |
| 6:17 | Build | Palisade Wall |
| 6:30 | Build | House |
| 6:50 | Build | Palisade Gate |
| 6:56 | Build | House |
| 7:02 | Build | Palisade Wall |
| 7:09 | Build | Palisade Wall |
| 7:18 | Build | Mill |
| 7:30 | Build | Dock |
| 7:34 | Build | Dock |
| 7:36 | Build | Dock |
| 8:00 | Create | Villager (Male) |
| 8:12 | Create | Fishing Ship |
| 8:16 | Build | House |
| 8:29 | Create | Villager (Male) |
| 8:46 | Create | Villager (Male) |
| 9:03 | Build | Palisade Wall |
| 9:19 | Build | Lumber Camp |
| 9:21 | Create | Villager (Male) |
| 9:24 | Create | Villager (Male) |
| 9:27 | Create | Villager (Male) |
| 10:19 | Create | Fishing Ship |
| 10:39 | Create | Villager (Male) |
| 10:44 | Create | Fishing Ship |
| 10:52 | Create | Villager (Male) |
| 10:52 | Create | Villager (Male) |
| 11:10 | Build | House |
| 11:12 | Build | House |
| 11:13 | Build | House |
| 11:53 | Create | Villager (Male) |
| 11:54 | Create | Fishing Ship |
| 12:20 | Research | Feudal Age |
| 12:21 | Research | Feudal Age |
| 12:29 | Build | Lumber Camp |
| 12:34 | Create | Fishing Ship |
| 13:03 | Build | Lumber Camp |
| 13:12 | Create | Villager (Male) |
| 13:28 | Create | Fishing Ship |
| 13:30 | Create | Villager (Male) |
| 13:34 | Build | Palisade Wall |
| 13:56 | Build | Mining Camp |
| 14:14 | Build | Lumber Camp |
| 14:32 | Age | Feudal Age |
| 14:33 | Research | Double-Bit Axe |
| 14:39 | Build | Blacksmith |
| 14:53 | Build | Watch Tower |
| 14:55 | Create | Villager (Male) |
| 15:11 | Research | Fletching |
| 15:14 | Create | Villager (Male) |
| 15:28 | Build | Fish Trap |
| 15:30 | Build | Fish Trap |
| 15:34 | Create | Villager (Male) |
| 15:43 | Create | Fishing Ship |
| 16:09 | Research | Town Watch |
| 16:12 | Create | Fishing Ship |
| 16:14 | Build | Dock |
| 16:19 | Build | Fish Trap |
| 16:23 | Create | Villager (Male) |
| 16:52 | Create | Villager (Male) |
| 16:55 | Create | Fishing Ship |
| 17:11 | Build | Fish Trap |
| 17:13 | Build | Fish Trap |
| 17:15 | Create | Fishing Ship |
| 17:16 | Build | Fish Trap |
| 17:19 | Create | Villager (Male) |
| 17:25 | Build | House |
| 17:25 | Build | House |
| 17:32 | Research | Tech 906 |
| 17:43 | Build | Fish Trap |
| 17:45 | Create | Fishing Ship |
| 17:45 | Create | Fishing Ship |
| 17:46 | Create | Villager (Male) |
| 17:51 | Create | Villager (Male) |
| 18:11 | Build | Fish Trap |
| 18:14 | Build | Fish Trap |
| 18:31 | Build | Watch Tower |
| 18:36 | Build | Watch Tower |
| 18:39 | Create | Villager (Male) |
| 18:52 | Create | Villager (Male) |
| 18:56 | Build | Fish Trap |
| 18:58 | Create | Fishing Ship |
| 18:58 | Create | Fishing Ship |
| 18:59 | Build | Fish Trap |
| 19:05 | Build | House |
| 19:06 | Build | House |
| 19:07 | Build | House |
| 19:08 | Build | House |
| 19:15 | Build | Stone Wall |
| 19:29 | Build | Lumber Camp |
| 19:31 | Create | Villager (Male) |
| 19:36 | Build | Mining Camp |
| 19:39 | Create | Fishing Ship |
| 19:49 | Create | Villager (Male) |
| 20:07 | Create | Fishing Ship |
| 20:07 | Create | Fishing Ship |
| 20:08 | Create | Villager (Male) |
| 20:10 | Build | Fish Trap |
| 20:16 | Build | Fish Trap |
| 20:39 | Create | Villager (Male) |
| 20:43 | Build | Market |
| 20:46 | Build | Blacksmith |
| 20:52 | Build | Fish Trap |
| 20:57 | Build | Fish Trap |
| 21:05 | Create | Fishing Ship |
| 21:09 | Create | Villager (Male) |
| 21:14 | Build | Stone Wall |
| 21:17 | Build | Stone Wall |
| 21:31 | Create | Fishing Ship |
| 21:33 | Build | Market |
Match timeline
| 0:22 | Ceeelebrate · wall_segment Palisade Wall x9 |
| 0:59 | MatzeAoE · wall_segment Palisade Wall x1 |
| 1:01 | MatzeAoE · wall_segment Palisade Wall x1 |
| 1:03 | MatzeAoE · wall_segment Palisade Wall x1 |
| 1:04 | MatzeAoE · wall_segment Palisade Wall x1 |
| 1:07 | MatzeAoE · wall_segment Palisade Wall x1 |
| 1:10 | MatzeAoE · wall_segment Palisade Wall x1 |
| 1:12 | MatzeAoE · wall_segment Palisade Wall x1 |
| 1:13 | MatzeAoE · wall_segment Palisade Wall x1 |
| 2:21 | MatzeAoE · wall_segment Palisade Wall x1 |
| 2:25 | MatzeAoE · wall_segment Palisade Wall x1 |
| 2:26 | MatzeAoE · wall_segment Palisade Wall x1 |
| 2:27 | MatzeAoE · wall_segment Palisade Wall x1 |
| 3:01 | Ceeelebrate · wall_segment Palisade Wall x1 |
| 3:25 | MatzeAoE · wall_segment Palisade Wall x1 |
| 3:26 | MatzeAoE · wall_segment Palisade Wall x1 |
| 3:27 | MatzeAoE · wall_segment Palisade Wall x1 |
| 6:14 | MatzeAoE · wall_segment Palisade Wall x1 |
| 6:15 | MatzeAoE · wall_segment Palisade Wall x1 |
| 6:15 | MatzeAoE · wall_segment Palisade Wall x1 |
| 6:16 | MatzeAoE · wall_segment Palisade Wall x1 |
| 6:17 | MatzeAoE · wall_segment Palisade Wall x1 |
| 7:02 | MatzeAoE · wall_segment Palisade Wall x1 |
| 7:09 | MatzeAoE · wall_segment Palisade Wall x1 |
| 7:30 | MatzeAoE · first_building Dock |
| 8:19 | Ceeelebrate · first_building Dock |
| 9:03 | MatzeAoE · wall_segment Palisade Wall x10 |
| 9:14 | Ceeelebrate · wall_segment Palisade Wall x9 |
| 13:07 | Ceeelebrate · age_up feudal |
| 13:34 | MatzeAoE · wall_segment Palisade Wall x10 |
| 14:25 | Ceeelebrate · first_market_buy 100 food |
| 14:25 | Ceeelebrate · first_market_sell 100 wood |
| 14:32 | MatzeAoE · age_up feudal |
| 16:25 | Ceeelebrate · wall_segment Stone Wall x9 |
| 16:46 | Ceeelebrate · wall_segment Stone Wall x9 |
| 18:22 | Ceeelebrate · age_up castle |
| 18:24 | Ceeelebrate · first_building Siege Workshop |
| 19:15 | MatzeAoE · wall_segment Stone Wall x8 |
| 20:07 | Ceeelebrate · wall_segment Stone Wall x1 |
| 21:14 | MatzeAoE · wall_segment Stone Wall x11 |
| 21:17 | MatzeAoE · wall_segment Stone Wall x1 |
| 22:01 | Ceeelebrate · wall_segment Stone Wall x1 |
| 24:22 | Ceeelebrate · first_building Monastery |
| 25:30 | MatzeAoE · age_up castle |
| 27:54 | MatzeAoE · first_building Monastery |
| 28:37 | Ceeelebrate · first_building Barracks |
| 29:10 | Ceeelebrate · first_building Stable |
| 30:17 | MatzeAoE · first_building Barracks |
| 30:40 | MatzeAoE · first_market_sell 100 food |
| 31:09 | MatzeAoE · first_building Stable |
| 31:19 | Ceeelebrate · age_up imperial |
| 31:41 | MatzeAoE · first_building Castle |
| 33:09 | MatzeAoE · wall_segment Palisade Wall x1 |
| 33:18 | MatzeAoE · wall_segment Stone Wall x1 |
| 33:19 | MatzeAoE · wall_segment Stone Wall x1 |
| 33:28 | MatzeAoE · wall_segment Stone Wall x5 |
| 33:45 | MatzeAoE · wall_segment Stone Wall x1 |
| 33:59 | MatzeAoE · age_up imperial |
| 34:08 | MatzeAoE · wall_segment Stone Wall x1 |
| 34:10 | MatzeAoE · wall_segment Stone Wall x1 |
| 34:11 | MatzeAoE · wall_segment Stone Wall x1 |
| 34:12 | MatzeAoE · wall_segment Stone Wall x1 |
| 34:14 | MatzeAoE · wall_segment Stone Wall x1 |
| 34:14 | MatzeAoE · wall_segment Stone Wall x1 |
| 34:15 | MatzeAoE · wall_segment Stone Wall x1 |
| 34:54 | MatzeAoE · wall_segment Stone Wall x1 |
| 35:42 | Ceeelebrate · first_building Castle |
| 42:27 | MatzeAoE · wall_segment Stone Wall x1 |
| 44:59 | MatzeAoE · resign |
[ AI ANALYSIS · 1 CREDIT ]
What really happened in this match?
Wolo.gg analyzes every decision: build order, eco, micro, common mistakes by bracket. Personalized analysis on WhatsApp or Discord in 30 seconds.
Civ guide
Franks
Perfil
Jugador #2495375